 Dungeon Crawl Stone Soup version 0.29-a0-813-g4a14ea37d6 (webtiles) character file.

Game seed: 10917497140687485357

176 bande the Covered (level 5, 29/29 HPs)
             Began as a Gargoyle Fighter on July 5, 2022.
             Quit the game on level 3 of the Dungeon.
             The game lasted 00:04:10 (3272 turns).

bande the Covered (Gargoyle Fighter)                Turns: 3272, Time: 00:04:11

Health: 29/29      AC: 20    Str: 18    XL:     5   Next: 56%
Magic:  5/5        EV:  7    Int:  8    God:
Gold:   184        SH:  5    Dex: 15    Spells: 4/4 levels left

rFire   . . .      SeeInvis .   a - +0 war axe
rCold   . . .      Faith    .   c - +0 buckler
rNeg    + . .      Spirit   .   m - +0 chain mail
rPois   ∞          Reflect  .   p - +1 helmet
rElec   +          Harm     .   d - +0 cloak
rCorr   .          Rampage  .   (no gloves)
Will    .....                   b - +2 pair of boots
Stlth   ..........              (no amulet)
HPRegen 0.09/turn               (no ring)
MPRegen 0.09/turn               (no ring)

@: no status effects
A: sickness immunity, AC +4, negative energy resistance 1, electricity
resistance, torment resistance 1, petrification resistance, agile 1,
deterioration 1, frail 1
a: no special abilities


You were on level 3 of the Dungeon.
You visited 1 branch of the dungeon, and saw 3 of its levels.

You collected 184 gold pieces.

Inventory:

Hand Weapons
 a - a +0 war axe (weapon)
Armour
 b - a +2 pair of boots (worn)
 c - a +0 buckler (worn)
 d - a +0 cloak (worn)
 m - a +0 chain mail (worn)
 p - a +1 helmet (worn)
Jewellery
 n - a ring of magical power
Potions
 f - a potion of resistance
 h - a potion of heal wounds
 i - 2 potions of ambrosia
 k - a potion of brilliance {unknown}
 o - a potion of magic {unknown}


   Skills:
 + Level 4.0 Fighting
 + Level 3.3 Axes
 + Level 4.3 Armour
 - Level 0.3 Dodging
 - Level 0.3 Stealth
 + Level 4.1 Shields


You had 4 spell levels left.
You didn't know any spells.
Your spell library was empty.

Dungeon Overview and Level Annotations

Branches:
Dungeon (3/15)

Altars:


Innate Abilities, Weirdness & Mutations

You are immune to sickness and miasma.
Your stone body is resilient. (AC +4)
You are immune to poison.
You resist negative energy. (rN+)
You are resistant to electric shocks. (rElec)
You are resistant to unholy torment.
You are immune to petrification.
You are agile. (Dex +4, Str/Int -1)
Your body sometimes deteriorates upon taking damage.
You are frail. (-10% HP)


Message History

The jackal closely misses you.
You hit the jackal.
The jackal is heavily wounded.
The jackal closely misses you. You block the jackal's attack.
You hit the jackal.
You kill the jackal!
You hear the rusting of a very distant drain.
No target in view!
No target in view!
No target in view!
No target in view!
e - a scroll of identify
e - 2 scrolls of identify (gained 1)
An orc comes into view. It is wielding a +0 whip.
The orc shouts!
You block the orc's attack.
You closely miss the orc. You block the orc's attack.
You closely miss the orc. The orc hits you but does no damage.
You hit the orc.
The orc is lightly wounded.
The orc hits you but does no damage. The orc closely misses you.
You slash the orc!
The orc is almost dead.
The orc hits you but does no damage.
You closely miss the orc.
The orc is almost dead.
You block the orc's attack.
You closely miss the orc.
The orc is almost dead.
The orc completely misses you. The orc closely misses you.
You hit the orc.
You kill the orc!
As you read the scroll of identify, it crumbles to dust.
f - a potion of resistance
As you read the scroll of identify, it crumbles to dust.
g - a potion of mutation Really quaff the potion of mutation?
You feel extremely strange.
You feel yourself wasting away.
You feel frail.
You feel agile.
Are you sure you want to abandon this character and quit the game? (Confirm with "yes".)

.# .# .# .# # ### .# #.
..# .### .##.# .(.# ####
.$.# ...# #.. #.###..#
...# #.# #..)@..#
...####.# ######.###.###
.##.....#####.............
.##.#..............###.###
.##.#.......†.####.#
.##.#.......†.#######
#..................
###.........#.....#
.............#.....#


There were no monsters in sight!

Vanquished Creatures
  An ogre (D:2)
  Natasha (D:3)
  2 adders (D:2)
  A worm (D:2)
  A dart slug (D:1)
  An orc (D:3)
  6 endoplasms
  3 giant cockroaches
  3 goblins
  2 hobgoblins
  2 jackals (D:3)
  5 kobolds
  3 quokkas
  2 ball pythons (D:3)
  2 bats (D:2)
  3 frilled lizards
  3 rats
41 creatures vanquished.

Notes
Turn   | Place    | Note
-------+----------+-------------------------------------------
     0 | D:1      | bande the Gargoyle Fighter began the quest for the Orb.
     0 | D:1      | Reached XP level 1. HP: 14/14 MP: 1/1
   528 | D:1      | Reached XP level 2. HP: 19/19 MP: 2/2
   955 | D:1      | Found a faded altar of an unknown god.
  1747 | D:2      | Noticed an ogre
  1753 | D:2      | Killed an ogre
  1754 | D:2      | Reached XP level 3. HP: 6/24 MP: 3/3
  1754 | D:2      | Reached XP level 4. HP: 7/29 MP: 4/4
  2227 | D:2      | Reached XP level 5. HP: 33/33 MP: 5/5
  3086 | D:3      | Noticed Natasha
  3099 | D:3      | Killed Natasha
  3112 | D:3      | Identified the +4 short sword of Maopao {vorpal, rPois
                  | Will+}
  3271 | D:3      | Gained mutation: Your body sometimes deteriorates upon
                  | taking damage. [potion of mutation]
  3271 | D:3      | Gained mutation: You are frail. (-10% HP) [potion of
                  | mutation]
  3271 | D:3      | Gained mutation: You are agile. (Dex +4, Str/Int -1)
                  | [potion of mutation]
  3272 | D:3      | Quit the game

Illustrated notes

Levels and vault maps discovered:
D:1:      sevenhm_arrival_forest_fort_small_5, layout_basic,
          chequers_ecumenical_altar_simple_redux
D:2:      layout_basic, kennysheep_generic_room_8
D:3:      layout_basic, lightli_temple_of_fire, portal_sewer_entry_c,
          uniq_natasha

Skill      XL: |  1  2  3  4  5 |
---------------+----------------+-----
Axes           | 2 3 |  3.3
Armour         | 4 |  4.3
Shields        | 4 |  4.1
Fighting       | 4 |  4.0
Dodging        | |  0.3
Stealth        | |  0.3

Action                   |  1- 3 |  4- 6 || total
-------------------------+-------+-------++-------
Melee: War axe           |    55 |   114 ||   169
  Use: Potion            |     1 |     1 ||     2
       Scroll            |       |     7 ||     7
Armor: Scale mail        |    25 |    14 ||    39
       Chain mail        |       |    81 ||    81
Dodge: Dodged            |    23 |    43 ||    66
Block: Buckler           |    10 |    29 ||    39

Table legend: (Time is in decaauts)
 A = Elapsed time spent in this place.
 B = Non-inter-level travel time spent in this place.
 C = Inter-level travel time spent in this place.
 D = Time resting spent in this place.
 E = Time spent auto-exploring this place.
 F = Levels seen in this place.
 G = Mean time per level.
                   A        B        C        D        E       F      G
               +--------+--------+--------+--------+--------+-----+--------+
         Total |   3352 |   3266 |     86 |   1089 |   1707 |   3 | 1117.3 |
       Dungeon |   3352 |   3266 |     86 |   1089 |   1707 |   3 | 1117.3 |
               +--------+--------+--------+--------+--------+-----+--------+

Top non-repeatable levels by time:
     D:1: 1705 daAuts
     D:2: 1366 daAuts
     D:3: 281 daAuts
